 Dungeon Crawl Stone Soup version 0.30-a0-965-g42e074c17a (webtiles) character file.

Game seed: 5395680971882720122

825 jimonade the Chopper (level 7, -7/61 HPs)
             Began as a Hill Orc Fighter on Mar 30, 2023.
             Mangled by a vampire mosquito (9 damage)
             ... on level 5 of the Dungeon.
             The game lasted 00:07:17 (3965 turns).

jimonade the Chopper (Hill Orc Fighter)             Turns: 3965, Time: 00:07:17

Health: -7/61      AC: 13    Str: 19    XL:     7   Next: 96%
Magic:  10/10      EV:  5    Int: 10    God:
Gold:   163        SH:  4    Dex: 10    Spells: 6/6 levels left

rFire   . . .      SeeInvis .    a - +0 war axe
rCold   . . .      Faith    .    c - +0 buckler
rNeg    . . .      Spirit   .    v - +0 plate armour
rPois   .          Reflect  .    e - +0 helmet
rElec   .          Rampage  .    (no cloak)
rCorr   .                        (no gloves)
Will    .....                    (no boots) Stlth
                                 (no amulet)
HPRegen 0.30/turn                (no ring)
MPRegen 0.12/turn                (no ring)

@: no status effects
A: no striking features
a: no special abilities


You were on level 5 of the Dungeon.
You visited 1 branch of the dungeon, and saw 5 of its levels.

You collected 163 gold pieces.

Inventory:

Hand Weapons
 a - a +0 war axe (weapon)
 k - a +0 mace
 w - a +2 falchion of holy wrath
Armour
 b - a +0 scale mail
 c - a +0 buckler (worn)
 e - a +0 helmet (worn)
 j - a +0 chain mail
 v - a +0 plate armour (worn)
Jewellery
 o - a +5 ring of evasion
Scrolls
 f - a scroll of blinking {unknown}
 i - a scroll of torment {unknown}
 l - 2 scrolls of immolation {unknown}
 n - 7 scrolls of identify {unknown}
 p - 2 scrolls of vulnerability {unknown}
 r - a scroll of noise {unknown}
 s - 4 scrolls of poison {unknown}
 x - a scroll of fog {unknown}
Potions
 d - a potion of might
 g - 2 potions of haste {unknown}
 h - 3 potions of attraction {unknown}
 m - a potion of cancellation {unknown}
 q - 3 potions of curing {unknown}
 t - a potion of berserk rage {unknown}
 u - a potion of ambrosia {unknown}
 z - a potion of brilliance {unknown}
 A - a potion of invisibility


   Skills:
 + Level 5.2 Fighting
 + Level 7.3 Axes
 + Level 5.2 Armour
 + Level 1.0 Dodging
 + Level 4.3 Shields
 * Level 4.4 Invocations


You had 6 spell levels left.
You didn't know any spells.
Your spell library contained the following spells:

 Spells                   Type           Power      Damage    Failure   Level
 Foxfire                  Conj/Fire      0%         2x1d2     100%        1
 Lesser Beckoning         Tloc           0%         N/A       100%        2
 Gell's Gravitas          Tloc           0%         N/A       100%        3
 Summon Guardian Golem    Hex/Summ       0%         N/A       100%        3
 Teleport Other           Tloc           0%         N/A       100%        3
 Fireball                 Conj/Fire      0%         3d3       100%        5
 Starburst                Conj/Fire      0%         6d3       100%        6
 Orb of Destruction       Conj           0%         9d5       100%        7
 Spellforged Servitor     Conj/Summ      0%         N/A       100%        7


Dungeon Overview and Level Annotations

Branches:
Dungeon (5/15)             Temple (0/1) D:5

Altars:
Ru

Annotations:
D:3 3 runed translucent doors, bande's ghost, amateur GrFi


Message History

The vampire mosquito bites you!
The vampire mosquito draws strength from your injuries!
You block the vampire mosquito's attack.
You hit the vampire mosquito.
The vampire mosquito is heavily damaged.
You barely miss the vampire mosquito.
You block the vampire mosquito's attack. x2
The vampire mosquito bites you but does no damage.
The vampire mosquito bites you!
The vampire mosquito draws strength from your injuries!
The vampire mosquito bites you.
The vampire mosquito draws strength from your injuries!
You barely miss the vampire mosquito.
The vampire mosquito is heavily damaged.
You barely miss the vampire mosquito.
You block the vampire mosquito's attack.
The vampire mosquito bites you but does no damage. x3
You closely miss the vampire mosquito.
The vampire mosquito is heavily damaged.
You hit the vampire mosquito. The vampire mosquito bites you.
* * * LOW HITPOINT WARNING * * *
The vampire mosquito draws strength from your injuries!
The vampire mosquito bites you.
* * * LOW HITPOINT WARNING * * *
The vampire mosquito draws strength from your injuries!
The vampire mosquito bites you but does no damage. x2
You hit the vampire mosquito but do no damage.
The vampire mosquito is moderately damaged.
You closely miss the vampire mosquito. The vampire mosquito bites you.
* * * LOW HITPOINT WARNING * * *
The vampire mosquito draws strength from your injuries!
The vampire mosquito bites you but does no damage.
The vampire mosquito bites you!
* * * LOW HITPOINT WARNING * * *
The vampire mosquito draws strength from your injuries!
You block the vampire mosquito's attack.
You closely miss the vampire mosquito.
The vampire mosquito is moderately damaged.
You closely miss the vampire mosquito. The vampire mosquito bites you!
You die...

..............##.#.#
...................#
#.#.##.###.#.###.###
#.#.##.# ###.# #.#
....##.# #<# #.#
#.####.# #.# #.# #.#
#.#####.# #.# #.#
#.##....# #y# ..
#.##.##.# #@#
#.##.##.# #y#
.......##.#
..........#
⌠...⌠..##.#
.......##.#
..>....y..# .......
#.# ⌠...⌠.. ...


You could see 2 vampire mosquitoes.

Vanquished Creatures
  2 black bears
  A centaur (D:5)
  A phantom (D:3)
  A scorpion (D:3)
  A jelly (D:3)
  5 hounds
  A sleepcap (D:5)
  Natasha (thrice) (D:3)
  A gnoll (D:1)
  7 adders
  A white imp (D:5)
  2 ufetubi
  2 worms
  A dart slug (D:4)
  5 endoplasms
  A giant cockroach (D:3)
  7 goblins
  9 hobgoblins
  5 quokkas
  6 ball pythons
  5 bats
  A frilled lizard (D:3)
  10 kobolds
  4 rats
82 creatures vanquished.

Notes
Turn   | Place    | Note
-------+----------+-------------------------------------------
     0 | D:1      | jimonade the Hill Orc Fighter began the quest for the Orb.
     0 | D:1      | Reached XP level 1. HP: 19/19 MP: 1/1
   145 | D:1      | Reached XP level 2. HP: 27/27 MP: 2/2
   236 | D:1      | Reached XP level 3. HP: 33/33 MP: 3/3
   244 | D:1      | Reached skill level 1 in Invocations
   485 | D:1      | Reached skill level 3 in Axes
   913 | D:2      | Reached XP level 4. HP: 40/40 MP: 5/5
  1764 | D:3      | Found a runed translucent gate.
  1765 | D:3      | Found a runed translucent gate.
  1766 | D:3      | Found a runed translucent gate.
  1959 | D:3      | Reached skill level 4 in Axes
  1962 | D:3      | Reached XP level 5. HP: 42/46 MP: 6/6
  2038 | D:3      | Noticed Natasha
  2047 | D:3      | Killed Natasha
  2102 | D:3      | Noticed Natasha
  2114 | D:3      | Killed Natasha
  2391 | D:3      | Noticed bande's ghost (amateur GrFi)
  2424 | D:3      | Noticed Natasha
  2547 | D:3      | Killed Natasha
  2600 | D:4      | Noticed a phantom
  2614 | D:3      | Reached skill level 5 in Axes
  2614 | D:3      | Reached XP level 6. HP: 51/53 MP: 6/8
  2953 | D:4      | Noticed a black bear
  2988 | D:4      | Killed a black bear
  2989 | D:4      | Reached XP level 7. HP: 37/60 MP: 9/9
  3304 | D:5      | Entered Level 5 of the Dungeon
  3392 | D:5      | Reached skill level 6 in Axes
  3437 | D:5      | Upgraded the game from 0.30-a0-956-gcec3b41aec to
                  | 0.30-a0-965-g42e074c17a
  3444 | D:5      | Found a sacrificial altar of Ru.
  3543 | D:5      | Reached skill level 5 in Fighting
  3603 | D:5      | Reached skill level 5 in Armour
  3605 | D:5      | Reached skill level 7 in Axes
  3605 | D:5      | Reached skill level 1 in Dodging
  3802 | D:5      | Found a staircase to the Ecumenical Temple.
  3802 | D:5      | Noticed a vampire mosquito
  3947 | D:5      | Noticed a vampire mosquito
  3959 | D:5      | Noticed a vampire mosquito
  3964 | D:5      | HP: 1/61 [vampire mosquito (7)]
  3965 | D:5      | Mangled by a vampire mosquito

Illustrated notes

Levels and vault maps discovered:
D:1:      dpeg_arrival_morbid_curiosity, layout_rooms
D:2:      layout_basic, chequers_serial_rivers_room_a
D:3:      layout_rooms, gammafunk_ghost_necromancy, minmay_misc_feat_encased,
          nrook_mini_backslash, uniq_natasha
D:4:      layout_cave_pools
D:5:      layout_basic, mainiacjoe_overflow_small_starburst,
          minmay_temple_entry_large_hall, serial_park_tiny_2,
          hangedman_abyss_or_decor_stagger, minmay_fractal_squares_5

Skill      XL: |  1  2  3  4  5  6  7 |
---------------+----------------------+-----
Fighting       | 4 5 |  5.2
Invocations    | 1 2 3 4 |  4.4
Axes           | 3 4 5 7 |  7.3
Armour         | 4 5 |  5.2
Shields        | 4 |  4.3
Dodging        | 1 |  1.0

Action                     |  1- 3 |  4- 6 |  7- 9 || total
---------------------------+-------+-------+-------++-------
  Melee: War axe           |    66 |   150 |    69 ||   285
 Armour: Scale mail        |    16 |       |       ||    16
         Chain mail        |    26 |    63 |       ||    89
         Plate armour      |       |    18 |    62 ||    80
  Dodge: Dodged            |    29 |    61 |    22 ||   112
  Block: Buckler           |    16 |    36 |    26 ||    78

Table legend: (Time is in decaauts)
 A = Elapsed time spent in this place.
 B = Non-inter-level travel time spent in this place.
 C = Inter-level travel time spent in this place.
 D = Time resting spent in this place.
 E = Time spent auto-exploring this place.
 F = Levels seen in this place.
 G = Mean time per level.
                   A        B        C        D        E       F      G
               +--------+--------+--------+--------+--------+-----+--------+
         Total |   4063 |   3856 |    207 |    157 |   2628 |   5 |  812.6 |
       Dungeon |   4063 |   3856 |    207 |    157 |   2628 |   5 |  812.6 |
               +--------+--------+--------+--------+--------+-----+--------+

Top non-repeatable levels by time:
     D:2: 1322 daAuts
     D:3: 855 daAuts
     D:4: 682 daAuts
     D:5: 643 daAuts
     D:1: 559 daAuts
